 Dungeon Crawl Stone Soup version 0.25.1-2-g60ff931df9 (webtiles) character file.

Game seed: 3772451415979561765

1057 TheThingUpstairs the Insei (level 8, -2/52 HPs)
             Began as an Octopode Chaos Knight on Nov 15, 2020.
             Was a Believer of Elyvilon.
             Slain by a yak (14 damage)
             ... on level 9 of the Dungeon on Nov 16, 2020.
             The game lasted 00:36:46 (5631 turns).

TheThingUpstairs the Insei (Octopode Chaos Knight)  Turns: 5631, Time: 00:36:46

Health: -2/52      AC:  3    Str: 10 (12) XL:     8   Next: 26%
Magic:  8/8        EV: 15    Int: 10 (14) God:    Elyvilon [**....]
Gold:   209        SH:  4    Dex: 18 (19) Spells: 7/7 levels left

rFire    + . .     SeeInvis .     - Unarmed
rCold    + . .     Gourm    .   s - +0 buckler (curse)
rNeg     . . .     Faith    .   (helmet restricted)
rPois    .         Spirit   .   (no amulet)
rElec    .         Reflect  .   e - ring of protection from cold
rCorr    .         Harm     .   m - +6 ring of dexterity
MR       .....                  (no ring)
Stlth    +++++.....             (no ring)
HPRegen  0.57/turn              (no ring)
MPRegen  0.11/turn              (no ring)
                                (no ring)
                                (no ring)

@: no status effects
A: almost no armour, stealthy swim, amphibious, 8 rings, constrict 8, molten
scales 1, camouflage 1, blurry vision 1, deterioration 1, fire resistance 1,
regeneration 1, gelatinous body 1
a: Lesser Healing, Heal Other, Divine Protection, Renounce Religion


You were on level 9 of the Dungeon.
You worshipped Elyvilon.
Elyvilon was pleased with you.
You were hungry.

You visited 1 branch of the dungeon, and saw 7 of its levels.
You also visited: Sewer.

You collected 209 gold pieces.

Inventory:

Hand Weapons
 c - a +1 dagger
Missiles
 f - 18 poisoned darts
 g - 5 boomerangs (quivered)
 u - 5 javelins
Armour
 s - a cursed +0 buckler (worn)
Jewellery
 e - a ring of protection from cold (left tentacle)
 m - a +6 ring of dexterity (right tentacle)
Wands
 o - a wand of iceblast (6)
Scrolls
 b - 3 scrolls of remove curse
 d - 3 scrolls of teleportation
 i - 3 scrolls of enchant weapon
 j - 3 scrolls of identify
 n - 2 scrolls of fear
 r - a scroll of magic mapping
 v - a scroll of noise
Potions
 h - 2 potions of resistance
 k - 2 potions of lignification
 l - 4 potions of stabbing
 p - 3 potions of flight
 q - a potion of heal wounds
 t - a potion of cancellation {unknown}
Comestibles
 a - 10 rations


   Skills:
 - Level 3.0 Fighting
 + Level 1.8 Throwing
 + Level 4.1 Dodging
 + Level 7.0 Stealth
 + Level 7.4 Unarmed Combat


You had 7 spell levels left.
You didn't know any spells.
Your spell library contained the following spells:

 Spells                   Type           Power        Failure   Level  Hunger
 Foxfire                  Conj/Fire      #...         54%         1    ##.....
 Conjure Flame            Conj/Fire      #.......     88%         3    ####...
 Inner Flame              Hex/Fire       #.......     88%         3    ####...
 Sticky Flame             Conj/Fire      #.......     99%         4    #####..
 Fireball                 Conj/Fire      #.........   100%        5    ######.


Dungeon Overview and Level Annotations

Branches:
Dungeon (6/15)              Sewer (visited)
 Temple: D:4-7

Altars:
Cheibriados
Fedhas
Gozag
Kikubaaqudgha
Nemelex Xobeh
Qazlal
Ru
Sif Muna
Uskayaw
Vehumet
Xom

Shops:
D:6 *%


Innate Abilities, Weirdness & Mutations

You cannot wear most types of armour.
You are very stealthy in the water. (Stealth+)
You are amphibious.
You can wear up to eight rings at the same time.
You can use your tentacles to constrict eight enemies at once.
Your skin changes colour to match your surroundings (Stealth+).
Your rubbery body absorbs attacks. (AC +1, EV +1)
You are partially covered in molten scales. (AC +2)
Scrolls take you a little longer to read.
Your body sometimes deteriorates upon taking damage.
Your flesh is heat resistant. (rF+)
Your natural rate of healing is unusually fast.


Message History

The orc enters a dispersal trap!
The orc priest blinks!
The orc blinks! x2
The worker ant blinks!
The yak blinks! x2; The centaur skeleton blinks!
The yak blinks! x2; The orc priest blinks!
The yak gores you!
Your body deteriorates!
You feel weakened.
The hound barks!
You hear some strange, mumbled words.
A puff of flame appears from out of thin air!
The puff of flame hits you. You resist.
Your body deteriorates!
You feel weakened.
The two-headed ogre hits you with a +0 giant spiked club!
* * * LOW HITPOINT WARNING * * *
Your body deteriorates!
You feel clumsy. The two-headed ogre misses you. The yak misses you.
Found a scale mail.
Found a stone staircase leading up.
There is a stone staircase leading up here.
The centaur skeleton barely misses you.
You block the centaur skeleton's attack.
The yak gores you!
You die...
Xom chuckles heartily!

## # ### ## ##.#.
..### ....#...#
....#
....#...##....#
........#.....[
#..YO....... ..
..#...@..## ...
.......YZ..# ....
<.(...ooh.####....
..........Y.......
.......a..Y....###
........§...o.....
........^o........
.......##........#
...... #§......##


You could see a two-headed ogre, 4 yaks, a hound, a worker ant, an orc priest, 3
orcs and a centaur skeleton.

Vanquished Creatures
  A sky beast (D:5)
  4 ogres
  A big kobold (Sewer)
  A centaur zombie (D:5)
  2 hounds (D:4)
  A jelly (D:2)
  An orc priest (D:4)
  An orc wizard (D:5)
  Ijyb (D:4)
  An iguana (D:5)
  A worker ant (D:4)
  3 gnolls (D:3)
  A worker ant zombie (D:6)
  2 river rats
  8 adders
  9 oozes
  An adder skeleton (D:5)
  4 worms
  4 dart slugs
  3 leopard geckos
  7 orcs
  6 bats
  8 giant cockroaches
  7 goblins
  11 hobgoblins
  7 jackals
  14 kobolds
  4 quokkas
  3 ball pythons
  8 frilled lizards
  A leopard gecko zombie (D:5)
  13 rats
  A fungus (D:2)
140 creatures vanquished.

Vanquished Creatures (others)
  12 toadstools (D:2)
12 creatures vanquished.

Grand Total: 152 creatures vanquished

Notes
Turn   | Place    | Note
-------+----------+-------------------------------------------
     0 | D:1      | TheThingUpstairs the Octopode Chaos Knight began the quest
                  | for the Orb.
     0 | D:1      | Reached XP level 1. HP: 16/16 MP: 1/1
   308 | D:1      | Reached XP level 2. HP: 9/21 MP: 2/2
   458 | D:1      | XOM: silly message
   498 | D:1      | Gained mutation: Scrolls take you a little longer to read.
                  | [potion of mutation]
   498 | D:1      | Gained mutation: You do not regenerate when monsters are
                  | visible. [potion of mutation]
   498 | D:1      | Gained mutation: You are clumsy. (Dex -2) [potion of
                  | mutation]
   498 | D:1      | Gained mutation: One of your tentacles bears a spike.
                  | [potion of mutation]
   499 | D:1      | Lost mutation: One of your tentacles bears a spike. [potion
                  | of mutation]
   499 | D:1      | Lost mutation: You are clumsy. (Dex -2) [potion of
                  | mutation]
   499 | D:1      | Lost mutation: Scrolls take you a little longer to read.
                  | [potion of mutation]
   499 | D:1      | Gained mutation: You are robust. (+10% HP) [potion of
                  | mutation]
   499 | D:1      | Gained mutation: You have supernaturally acute eyesight.
                  | (SInv) [potion of mutation]
   685 | D:1      | Reached XP level 3. HP: 22/28 MP: 3/3
   748 | D:1      | XOM: silly message
   844 | D:1      | XOM: silly message
   873 | D:1      | XOM: divination: magic mapping
   943 | D:1      | XOM: divination: detect creatures
  1105 | D:1      | Reached skill level 1 in Stealth
  1574 | D:2      | XOM: silly message
  1670 | D:2      | Reached XP level 4. HP: 34/34 MP: 4/4
  1685 | D:2      | XOM: divination: detect creatures
  1710 | D:2      | Lost mutation: You are robust. (+10% HP) [potion of
                  | mutation]
  1710 | D:2      | Lost mutation: You do not regenerate when monsters are
                  | visible. [potion of mutation]
  1710 | D:2      | Gained mutation: You are agile. (Dex +2) [potion of
                  | mutation]
  1710 | D:2      | Gained mutation: Your natural rate of healing is unusually
                  | fast. [potion of mutation]
  1850 | D:2      | Found a blossoming altar of Fedhas.
  1856 | D:2      | XOM: give mutations
  1856 | D:2      | Lost mutation: You are agile. (Dex +2) [Xom's mischief]
  1856 | D:2      | Gained mutation: Your body sometimes deteriorates upon
                  | taking damage. [Xom's mischief]
  1983 | D:2      | XOM: smoke on damage
  2116 | D:2      | XOM: give mutations
  2116 | D:2      | Lost mutation: You have supernaturally acute eyesight.
                  | (SInv) [Xom's mischief]
  2116 | D:2      | Gained mutation: Scrolls take you a little longer to read.
                  | [Xom's mischief]
  2116 | D:2      | Gained mutation: You are partially covered in molten
                  | scales. (AC +2) [Xom's mischief]
  2172 | D:2      | Found a stormy altar of Qazlal.
  2513 | D:2      | XOM: silly message
  2578 | D:2      | Reached XP level 5. HP: 32/36 MP: 5/5
  2581 | D:2      | Reached skill level 1 in Throwing
  2612 | D:2      | XOM: swap monsters
  2627 | D:2      | XOM: give mutations
  2627 | D:2      | Gained mutation: One of your tentacles bears a spike.
                  | [Xom's mischief]
  2627 | D:2      | Gained mutation: Your body often deteriorates upon taking
                  | damage. [Xom's mischief]
  2627 | D:2      | Lost mutation: Your body often deteriorates upon taking
                  | damage. [Xom's mischief]
  2819 | D:3      | Found a glowing drain.
  2835 | D:3      | Reached skill level 5 in Unarmed Combat
  2839 | D:3      | XOM: chaos upgrade
  2855 | Sewer    | Entered a sewer
  2904 | Sewer    | Noticed a big kobold
  2914 | Sewer    | Reached XP level 6. HP: 38/42 MP: 6/6
  2967 | Sewer    | Found a white marble altar of Elyvilon.
  2976 | Sewer    | Fell from the grace of Xom
  2976 | Sewer    | Became a worshipper of Elyvilon the Healer
  3301 | D:3      | Found a radiant altar of Vehumet.
  3455 | D:3      | Found a snail-covered altar of Cheibriados.
  3876 | D:4      | XOM: summons 1 hostile demon
  3971 | D:4      | Found a shimmering blue altar of Sif Muna.
  4003 | D:4      | Reached * piety under Elyvilon
  4076 | D:4      | Reached skill level 5 in Stealth
  4076 | D:4      | Reached XP level 7. HP: 34/46 MP: 7/7
  4122 | D:4      | Noticed Ijyb
  4136 | D:4      | Killed Ijyb
  4492 | D:4      | XOM: give mutations
  4492 | D:4      | Lost mutation: One of your tentacles bears a spike. [Xom's
                  | mischief]
  4492 | D:4      | Gained mutation: Your flesh is heat resistant. (rF+) [Xom's
                  | mischief]
  4656 | D:5      | Entered Level 5 of the Dungeon
  4870 | D:5      | XOM: god gift: 5 javelins
  4936 | D:5      | Reached ** piety under Elyvilon
  4981 | D:5      | Found a shimmering altar of Xom.
  5106 | D:5      | Reached XP level 8. HP: 50/52 MP: 8/8
  5136 | D:5      | XOM: stat loss: -3 Int (11/14)
  5234 | D:5      | Found a sacrificial altar of Ru.
  5234 | D:5      | Found a sparkling altar of Nemelex Xobeh.
  5234 | D:5      | Found an ancient bone altar of Kikubaaqudgha.
  5382 | D:6      | Found Iqall's Food Boutique.
  5556 | D:6      | Found a hide-covered altar of Uskayaw.
  5610 | D:6      | Found Giziarye's Mayhem Merchandise.
  5624 | D:6      | Found an opulent altar of Gozag.
  5624 | D:6      | You fall into a shaft and drop 3 floors!
  5625 | D:9      | Noticed a yak
  5625 | D:9      | Noticed a yak
  5625 | D:9      | Noticed a yak
  5625 | D:9      | Noticed a yak
  5625 | D:9      | Noticed a yak
  5627 | D:9      | Noticed a two-headed ogre
  5631 | D:9      | Slain by a yak

Illustrated notes

Levels and vault maps discovered:
D:1:      saegor_arrival_simple_e, layout_loops_ring, serial_co_window_serial,
          co_window_paths_a, co_window_paths_a, co_window_paths_a,
          co_window_corner_a, co_window_corner_a, co_window_broadway_c,
          co_window_broadway_b, co_window_unsneaky_path_c, co_window_4corner_a,
          glass_columns_a, nrook_loot_triangle, minmay_tetromino_i2
D:2:      cheibrodos_fertilizer, layout_basic, nicolae_overflow_crystal_walls,
          first_ration, fedhas_altar_2
D:3:      layout_loops_ring, vehumet_crystals, kennysheep_slug_shrine,
          cheibrodos_sewer_entry_sluice
D:4:      layout_basic, kennysheep_little_box, uniq_ijyb
D:5:      layout_loops_ring, gammafunk_temple_overflow_forgotten, tgw_xom
D:6:      layout_rooms, kennysheep_mini_moat, lemuel_doored_altar,
          grunt_gozag_breadcrumbs, serial_shops, nicolae_shop_window_shopping,
          shop, minmay_misc_feat_tiny, minmay_shop_mayhem,
          kennysheep_flooded_box, grunt_ministairs_5
D:9:      layout_cave_pools, zombieorc1_lemuel, worms_lemuel,
          uniq_prince_ribbit1

Skill      XL: |  1  2  3  4  5  6  7  8 |
---------------+-------------------------+-----
Stealth        | 1 2 3 5 6 7 |  7.0
Unarmed Combat | 4 5 6 7 |  7.4
Dodging        | 3 4 |  4.1
Throwing       | 1 |  1.8
Fighting       | |  3.0

Action                   |  1- 3 |  4- 6 |  7- 9 || total
-------------------------+-------+-------+-------++-------
Melee: Unarmed           |    55 |   176 |    82 ||   313
       Tentacles         |    13 |    27 |    23 ||    63
       Constrict         |    17 |    38 |    18 ||    73
       Punch             |     2 |     8 |     5 ||    15
       Kick              |       |    41 |    11 ||    52
Throw: Boomerang         |     3 |    20 |       ||    23
  Use: Scroll            |     6 |     3 |     1 ||    10
       Potion            |     5 |     1 |     3 ||     9
 Stab: Sleeping          |     8 |    19 |     3 ||    30
       Confused          |       |     2 |       ||     2
       Distracted        |       |       |     1 ||     1
  Eat: Chunk             |     2 |     8 |     4 ||    14
Armor: Skin              |     3 |    10 |     6 ||    19
Dodge: Dodged            |    27 |   109 |    46 ||   182
Block: Buckler           |       |       |     3 ||     3
